[Event "IMSA Blitz Women 2019"]
[Site "Hengshui"]
[Date "2019.05.17"]
[Round "1.2"]
[White "Bodnaruk, Anastasia"]
[Black "Gunina, Valentina"]
[Result "1-0"]
[ECO "B12"]
[WhiteElo "2431"]
[BlackElo "2506"]
[Annotator "RC"]
[PlyCount "165"]
[EventDate "2019.05.17"]
[EventType "blitz"]
[EventCountry "CHN"]
[SourceTitle "playchess.com"]
[Source "ChessBase"]
[SourceQuality "1"]
[TimeControl "180+2"]

1. e4 c6 2. d4 d5 3. e5 Bf5 4. Nf3 e6 5. Be2 Nd7 6. O-O h6 7. c3 Ne7 8. Nbd2 a5 9. Ne1 c5 10. Ndf3 Nc6 11. Bd3 Bxd3 12. Nxd3 Be7 13. Be3 cxd4 14. cxd4 O-O 15. Nd2 Qb6 16. Qg4 Kh7 17. Nf4 Rad8 18. Nf3 Qxb2 19. Rab1 Qxa2 20. Rxb7 a4 21. Nh5 Rg8 22. Qf4 Qc2 23. Qxf7 Qg6 24. Qxg6+ Kxg6 25. Nf4+ Kf7 26. Rc1 Na5 27. Ra7 Nc4 28. Rxa4 Ra8 29. Rxa8 Rxa8 30. h4 Ra3 31. Re1 Bb4 32. Re2 Nb8 33. h5 Nc6 34. g4 Ra1+ 35. Kg2 Bc3 36. g5 Rd1 37. g6+ Ke7 38. Ra2 Ra1 39. Rc2 Ra3 40. Ne2 Bb4 41. Bf4 Rd3 42. Ra2 Ra3 43. Rc2 Rd3 44. Ra2 Ra3 45. Rc2 Rd3 46. Kg3 Ra3 47. Kg4 Rd3 48. Rc1 Ra3 49. Rd1 Ra8 50. Rb1 Ra4 51. Kg3 Na3 52. Rc1 Nc4 53. Nh2 Ra2 54. Ng1 Ra3+ 55. Ngf3 Nxd4 56. Rd1 Ne2+ 57. Kg4 Nxf4 58. Kxf4 Nb2 59. Rb1 Nd3+ 60. Kg4 Kd7 61. Nd4 Ra4 62. Kf3 Nxe5+ 63. Ke2 Nc6 64. Nxc6 Kxc6 65. Ng4 d4 66. Nxh6 Kd5 67. Nf7 Ra2+ 68. Kf3 Be7 69. Rb7 Bf6 70. h6 gxh6 71. Nxh6 Ra3+ 72. Kg2 Kc6 73. Rb1 d3 74. Ng4 Bg7 75. Rd1 Kc5 76. f4 Kd4 77. Kf3 Kc3 78. Ne3 Bd4 79. Rg1 d2 80. g7 Bxg7 81. Rxg7 Kb2 82. Rd7 Kc1 83. Ke4 1-0

[Event "IMSA Blitz Women 2019"]
[Site "Hengshui"]
[Date "2019.05.17"]
[Round "1.9"]
[White "Ushenina, Anna"]
[Black "Lei, Tingjie"]
[Result "1-0"]
[ECO "A46"]
[WhiteElo "2442"]
[BlackElo "2507"]
[Annotator "RC"]
[PlyCount "141"]
[EventDate "2019.05.17"]
[EventType "blitz"]
[EventCountry "CHN"]
[SourceTitle "playchess.com"]
[Source "ChessBase"]
[SourceQuality "1"]
[TimeControl "180+2"]

1. d4 Nf6 2. Nf3 d5 3. c4 e6 4. e3 b6 5. b3 Bd6 6. Bb2 Bb7 7. Nbd2 Nbd7 8. Bd3 O-O 9. O-O Re8 10. Ne5 c5 11. f4 cxd4 12. exd4 Rc8 13. Qe2 Qe7 14. a3 Nf8 15. f5 dxc4 16. Ndxc4 Bb8 17. Rf2 exf5 18. Bxf5 Rcd8 19. Raf1 Ng6 20. a4 Bd5 21. Qc2 Bb7 22. Bd3 Bd5 23. Ne3 Nxe5 24. dxe5 Bxe5 25. Nf5 Qf8 26. Bxe5 Rxe5 27. Nxg7 Qxg7 28. Rxf6 Rg5 29. R6f2 Bxg2 30. Bxh7+ Qxh7 31. Qxh7+ Kxh7 32. Rxg2 Rxg2+ 33. Kxg2 Kg6 34. Rf3 Rd4 35. Rc3 f6 36. Rc7 a5 37. Rc6 Rb4 38. Rc3 Kg5 39. Kf3 Rh4 40. Kg3 Rg4+ 41. Kf3 f5 42. Rc8 Rb4 43. Rc3 Kf6 44. Re3 Rh4 45. Re2 Rh3+ 46. Kg2 Rxb3 47. Rc2 Kg5 48. Rc6 Kg4 49. Re6 Rb2+ 50. Kg1 f4 51. Rg6+ Kf3 52. h4 Rb1+ 53. Kh2 Rb2+ 54. Kg1 b5 55. axb5 a4 56. Ra6 Kg3 57. Rg6+ Kxh4 58. Ra6 Kg3 59. Rg6+ Kf3 60. Ra6 Rb4 61. b6 Ke2 62. b7 f3 63. Rxa4 f2+ 64. Kh2 Rxa4 65. b8=Q f1=Q 66. Qb5+ Kf2 67. Qf5+ Ke1 68. Qb1+ Kf2 69. Qf5+ Ke2 70. Qb5+ Kf2 71. Qf5+ 1-0

[Event "IMSA Blitz Women 2019"]
[Site "Hengshui"]
[Date "2019.05.17"]
[Round "1.11"]
[White "Tan, Zhongyi"]
[Black "Dzagnidze, Nana"]
[Result "0-1"]
[ECO "A27"]
[WhiteElo "2513"]
[BlackElo "2510"]
[Annotator "RC"]
[PlyCount "112"]
[EventDate "2019.05.17"]
[EventType "blitz"]
[EventCountry "CHN"]
[SourceTitle "playchess.com"]
[Source "ChessBase"]
[SourceQuality "1"]
[TimeControl "180+2"]

1. c4 e5 2. Nc3 Nc6 3. Nf3 Bb4 4. e3 Bxc3 5. bxc3 d6 6. d3 Nge7 7. g3 O-O 8. Bg2 h6 9. Rb1 Rb8 10. O-O Be6 11. Nd2 Qd7 12. e4 Bh3 13. Qe2 Bxg2 14. Kxg2 f5 15. f4 b6 16. Nf3 exf4 17. Bxf4 Ng6 18. Nd4 Rbe8 19. Qh5 Nxf4+ 20. Rxf4 Nxd4 21. cxd4 Qa4 22. Rb2 Qa3 23. Qe2 fxe4 24. Rxf8+ Kxf8 25. dxe4 Rxe4 26. Qf1+ Kg8 27. Rf2 Re8 28. Qb1 Qe3 29. Qb5 Qe4+ 30. Kg1 c6 31. Qh5 Re7 32. Rf4 Qe1+ 33. Kg2 Qe2+ 34. Qxe2 Rxe2+ 35. Kh3 Rxa2 36. Re4 Rd2 37. Re8+ Kf7 38. Rc8 c5 39. dxc5 dxc5 40. Rc7+ Kf6 41. Rxa7 Rb2 42. Rc7 Rb4 43. Kg2 Ke5 44. Rxg7 Rxc4 45. Rg6 Rb4 46. Rxh6 c4 47. Rc6 Kd5 48. Rc8 Rb2+ 49. Kg1 b5 50. h4 b4 51. h5 Ra2 52. h6 Ra7 53. g4 b3 54. g5 b2 55. Rb8 c3 56. Kf2 c2 0-1

[Event "IMSA Blitz Women 2019"]
[Site "Hengshui"]
[Date "2019.05.17"]
[Round "1.12"]
[White "Stefanova, Antoaneta"]
[Black "Krush, Irina"]
[Result "1-0"]
[ECO "D00"]
[WhiteElo "2470"]
[BlackElo "2422"]
[Annotator "RC"]
[PlyCount "73"]
[EventDate "2019.05.17"]
[EventType "blitz"]
[EventCountry "CHN"]
[SourceTitle "playchess.com"]
[Source "ChessBase"]
[SourceQuality "1"]
[TimeControl "180+2"]

1. d4 d5 2. Bf4 Nf6 3. e3 c5 4. c3 Nc6 5. Nd2 Bf5 6. Ngf3 e6 7. Ne5 Nd7 8. Nxc6 bxc6 9. Be2 Be7 10. O-O O-O 11. h3 cxd4 12. exd4 c5 13. Nf3 Qb6 14. b3 Rac8 15. Qd2 Nf6 16. c4 Rfd8 17. Qb2 dxc4 18. dxc5 Bxc5 19. Bxc4 Ne4 20. Qe2 h6 21. Ne5 Bd4 22. Rac1 Bxe5 23. Bxe5 Rd2 24. Qf3 Rxa2 25. g4 Nd2 26. Qf4 Bg6 27. Rfd1 Nxc4 28. bxc4 a5 29. Bd4 Qb3 30. Qe5 f6 31. Qxe6+ Kh7 32. Qxc8 Qxh3 33. Qe6 h5 34. Rc3 Qh4 35. Rg3 a4 36. g5 fxg5 37. Qe7 1-0

[Event "IMSA Blitz Women 2019"]
[Site "Hengshui"]
[Date "2019.05.17"]
[Round "2.1"]
[White "Dzagnidze, Nana"]
[Black "Kosteniuk, Alexandra"]
[Result "1/2-1/2"]
[ECO "A06"]
[WhiteElo "2510"]
[BlackElo "2546"]
[Annotator "RC"]
[PlyCount "110"]
[EventDate "2019.05.17"]
[EventType "blitz"]
[EventCountry "CHN"]
[SourceTitle "playchess.com"]
[Source "ChessBase"]
[SourceQuality "1"]
[TimeControl "180+2"]

1. Nf3 d5 2. b3 Nf6 3. Bb2 g6 4. g3 Bg7 5. Bg2 O-O 6. c4 c6 7. O-O Bf5 8. d3 Qc8 9. Re1 Bh3 10. Bh1 Na6 11. Nbd2 Rd8 12. a3 dxc4 13. bxc4 Nc5 14. Qc2 Qg4 15. Ne5 Qh5 16. d4 Ne6 17. e3 Ng4 18. Nxg4 Bxg4 19. Bg2 Ng5 20. h4 Nf3+ 21. Nxf3 Bxf3 22. Rab1 Bxg2 23. Kxg2 Rab8 24. Bc3 Qg4 25. Bb4 e5 26. dxe5 Bxe5 27. Red1 b6 28. Be7 Rd7 29. Rxd7 Qxd7 30. Bg5 f6 31. Bf4 Bxf4 32. exf4 Rd8 33. Re1 Kf7 34. a4 Qd3 35. Qa2 Qd2 36. Qb1 Qd3 37. Qa2 Rd4 38. c5+ Qc4 39. Qxc4+ Rxc4 40. cxb6 axb6 41. Rb1 Rxa4 42. Rxb6 Rc4 43. Rb7+ Kg8 44. Rc7 Rc3 45. Kf1 h5 46. Ke2 f5 47. Kd2 Rc5 48. Ke3 Kf8 49. Kd4 Rc2 50. Kd3 Rc1 51. Kd2 Rc5 52. Kd3 Ke8 53. Ke3 Kf8 54. Kd3 Ke8 55. Ke3 Kf8 {[%emt 0:00:00] Ke4} 1/2-1/2

[Event "IMSA Blitz Women 2019"]
[Site "Hengshui"]
[Date "2019.05.17"]
[Round "2.1"]
[White "Lei, Tingjie"]
[Black "Bodnaruk, Anastasia"]
[Result "1-0"]
[ECO "E71"]
[WhiteElo "2507"]
[BlackElo "2431"]
[Annotator "ChessBase"]
[PlyCount "119"]
[EventDate "2019.05.17"]
[EventType "blitz"]
[EventCountry "CHN"]
[SourceTitle "playchess.com"]
[Source "ChessBase"]
[SourceQuality "1"]
[TimeControl "180+2"]

1. d4 Nf6 2. c4 g6 3. Nc3 Bg7 4. e4 d6 5. h3 O-O 6. Nf3 e5 7. d5 a5 8. g4 Na6 9. Be3 Nd7 10. a3 Nac5 11. Nd2 Nb6 12. Be2 f5 13. gxf5 gxf5 14. h4 f4 15. Bxc5 dxc5 16. Bg4 Kh8 17. Qf3 Bxg4 18. Qxg4 Qd7 19. Qxd7 Nxd7 20. Nb5 c6 21. Nc7 Rac8 22. Ne6 Rf6 23. Nf3 cxd5 24. cxd5 Rg6 25. O-O-O Nf8 26. Nxf8 Rxf8 27. Rhg1 Rxg1 28. Rxg1 b5 29. Kc2 a4 30. Rd1 Rd8 31. d6 Bf6 32. Rd5 b4 33. d7 Kg7 34. Nxe5 Bxe5 35. Rxe5 Rxd7 36. Rxc5 b3+ 37. Kc3 Rd1 38. Rc4 Rf1 39. Rxa4 Rxf2 40. e5 Rf3+ 41. Kc4 Re3 42. Kd5 f3 43. Rf4 Re2 44. Rxf3 Rxb2 45. Kc4 Re2 46. Rxb3 Rxe5 47. Rd3 Kg6 48. a4 Re1 49. a5 Ra1 50. Kb5 Kh5 51. Rd4 h6 52. Rb4 Rf1 53. a6 Rf7 54. Ka5 Rf1 55. a7 Rf8 56. Ka6 Rf6+ 57. Rb6 Rf1 58. a8=Q Ra1+ 59. Kb7 Rxa8 60. Kxa8 1-0

[Event "IMSA Blitz Women 2019"]
[Site "Hengshui"]
[Date "2019.05.17"]
[Round "2.1"]
[White "Khotenashvili, Bela"]
[Black "Stefanova, Antoaneta"]
[Result "0-1"]
[ECO "A06"]
[WhiteElo "2476"]
[BlackElo "2470"]
[Annotator "ChessBase"]
[PlyCount "64"]
[EventDate "2019.05.17"]
[EventType "blitz"]
[EventCountry "CHN"]
[SourceTitle "playchess.com"]
[Source "ChessBase"]
[SourceQuality "1"]
[TimeControl "180+2"]

1. Nf3 d5 2. g3 g6 3. Bg2 Bg7 4. d4 Nf6 5. O-O O-O 6. c3 Nbd7 7. a4 a5 8. Nbd2 b6 9. b4 Bb7 10. b5 c5 11. bxc6 Bxc6 12. Ba3 Re8 13. e3 b5 14. axb5 Bxb5 15. Re1 a4 16. Rb1 Qa5 17. Qc2 Qa6 18. Bf1 Bxf1 19. Rxf1 e5 20. c4 exd4 21. exd4 dxc4 22. Qxc4 Qxc4 23. Nxc4 Reb8 24. Nfe5 Bf8 25. Rxb8 Rxb8 26. Ra1 Bxa3 27. Rxa3 Rb4 28. Kf1 Nxe5 29. dxe5 Ng4 30. Rc3 Nxh2+ 31. Kg2 Ng4 32. f4 Rxc4 0-1

[Event "IMSA Blitz Women 2019"]
[Site "Hengshui"]
[Date "2019.05.17"]
[Round "2.1"]
[White "Paehtz, Elisabeth"]
[Black "Tan, Zhongyi"]
[Result "0-1"]
[ECO "D02"]
[WhiteElo "2470"]
[BlackElo "2513"]
[Annotator "ChessBase"]
[PlyCount "88"]
[EventDate "2019.05.17"]
[EventType "blitz"]
[EventCountry "CHN"]
[SourceTitle "playchess.com"]
[Source "ChessBase"]
[SourceQuality "1"]
[TimeControl "180+2"]

1. d4 Nf6 2. Nf3 d5 3. Bf4 e6 4. e3 c5 5. Nbd2 Nc6 6. c3 Bd6 7. Bg3 O-O 8. Bb5 Be7 9. Bd3 b6 10. Ne5 Bb7 11. f4 Bd6 12. Bh4 Be7 13. O-O Ne8 14. Bxe7 Nxe7 15. Qh5 f5 16. g4 Nf6 17. Qh3 Ne4 18. Bxe4 dxe4 19. g5 cxd4 20. cxd4 Rc8 21. Rfc1 Nd5 22. a3 Ba6 23. g6 h6 24. Nxe4 Rxc1+ 25. Rxc1 Nxf4 26. exf4 Qxd4+ 27. Nf2 Qxf4 28. Re1 Rc8 29. Qg3 Qd2 30. Nf3 Qd5 31. Rd1 Qc6 32. Ne5 Qc5 33. Nd7 Qc2 34. Qd6 Re8 35. Ne5 Bb5 36. b4 f4 37. Qd4 Rf8 38. Qe4 Qb3 39. Nf7 f3 40. Nd6 Be2 41. Rc1 Rd8 42. Nf7 Rf8 43. Qd4 Qxa3 44. Qe4 Qxc1+ 0-1

[Event "IMSA Blitz Women 2019"]
[Site "Hengshui"]
[Date "2019.05.17"]
[Round "2.1"]
[White "Abdumalik, Zhansaya"]
[Black "Muzychuk, Mariya"]
[Result "1-0"]
[ECO "B12"]
[WhiteElo "2464"]
[BlackElo "2563"]
[Annotator "ChessBase"]
[PlyCount "69"]
[EventDate "2019.05.17"]
[EventType "blitz"]
[EventCountry "CHN"]
[SourceTitle "playchess.com"]
[Source "ChessBase"]
[SourceQuality "1"]
[TimeControl "180+2"]

1. e4 c6 2. d4 d5 3. e5 Bf5 4. Bd3 Bxd3 5. Qxd3 e6 6. Ne2 c5 7. c3 Nc6 8. O-O Nge7 9. Nd2 h5 10. Nf3 Nf5 11. dxc5 Bxc5 12. Ned4 Bxd4 13. cxd4 Rc8 14. Bd2 Qb6 15. Bc3 O-O 16. Qd2 Rc7 17. Rad1 Nce7 18. Ba5 Qc6 19. Rc1 Qxc1 20. Rxc1 Rxc1+ 21. Qxc1 Nc6 22. Bc3 Rc8 23. Qd2 a5 24. h3 b6 25. g4 hxg4 26. hxg4 Nh6 27. Qg5 b5 28. a3 b4 29. axb4 axb4 30. Bd2 Ra8 31. Qh5 Ra2 32. Bxh6 gxh6 33. Qxh6 Rxb2 34. Ng5 Nd8 35. Nh7 1-0

[Event "IMSA Blitz Women 2019"]
[Site "Hengshui"]
[Date "2019.05.17"]
[Round "2.2"]
[White "Muzychuk, Mariya"]
[Black "Abdumalik, Zhansaya"]
[Result "0-1"]
[ECO "B40"]
[WhiteElo "2563"]
[BlackElo "2464"]
[Annotator "RC"]
[PlyCount "140"]
[EventDate "2019.05.17"]
[EventType "blitz"]
[EventCountry "CHN"]
[SourceTitle "playchess.com"]
[Source "ChessBase"]
[SourceQuality "1"]
[TimeControl "180+2"]

1. e4 c5 2. Nf3 e6 3. c3 d5 4. exd5 Qxd5 5. d4 Nf6 6. Na3 cxd4 7. Nb5 Qd8 8. Qxd4 Nd5 9. Bc4 Nc6 10. Qe4 Be7 11. Bxd5 exd5 12. Qxd5 O-O 13. Qxd8 Bxd8 14. Be3 Bg4 15. Nfd4 Ne5 16. f3 Bd7 17. O-O-O Nc4 18. Bf4 g5 19. Bg3 Ne3 20. Rd2 Nc4 21. Nd6 Nxd2 22. Kxd2 b6 23. Re1 Bf6 24. Be5 Bxe5 25. Rxe5 h6 26. Re7 Bc8 27. Nc6 Be6 28. Kc2 a5 29. a4 Kg7 30. Nd4 Kf6 31. Rb7 Rab8 32. Ra7 Rbd8 33. Ne4+ Kg6 34. Nc6 Ra8 35. Rb7 Ra6 36. Nd6 Kf6 37. Ne4+ Kg7 38. Nd6 Bd5 39. Rc7 Raa8 40. Ne7 Be6 41. Nef5+ Kg6 42. Nd4 Rfd8 43. Rc6 Rab8 44. Nc4 Rdc8 45. Rxc8 Rxc8 46. Nxb6 Rb8 47. Nxe6 Rxb6 48. Nd4 f5 49. b3 g4 50. fxg4 fxg4 51. Kd3 h5 52. g3 Rf6 53. b4 axb4 54. cxb4 Rf2 55. a5 Rxh2 56. a6 Ra2 57. b5 Kg5 58. Ke3 h4 59. gxh4+ Kxh4 60. Nf5+ Kh3 61. Kf4 Ra4+ 62. Ke5 Ra5 63. Nd4 g3 64. Kf4 g2 65. Ne2 Rxb5 66. Kf3 Rb3+ 67. Kf2 Kh2 68. a7 Ra3 69. Ng1 Rxa7 70. Nf3+ Kh1 0-1

[Event "IMSA Blitz Women 2019"]
[Site "Hengshui"]
[Date "2019.05.17"]
[Round "2.2"]
[White "Kosteniuk, Alexandra"]
[Black "Dzagnidze, Nana"]
[Result "1-0"]
[ECO "C01"]
[WhiteElo "2546"]
[BlackElo "2510"]
[Annotator "ChessBase"]
[PlyCount "117"]
[EventDate "2019.05.17"]
[EventType "blitz"]
[EventCountry "CHN"]
[SourceTitle "playchess.com"]
[Source "ChessBase"]
[SourceQuality "1"]
[TimeControl "180+2"]

1. e4 e6 2. d4 d5 3. exd5 exd5 4. Nf3 Bd6 5. c4 dxc4 6. Bxc4 Nf6 7. O-O O-O 8. Nc3 Nbd7 9. Bg5 Nb6 10. Bd3 Bg4 11. Re1 c6 12. Bc2 h6 13. Bh4 g5 14. Bg3 Bxg3 15. hxg3 Qd6 16. Qd3 Bxf3 17. Qxf3 Rfe8 18. Ne4 Nxe4 19. Rxe4 Nd7 20. Rae1 Rxe4 21. Qxe4 Nf6 22. Qf5 Kg7 23. Bb3 Rd8 24. Kh2 Qxd4 25. f3 Qd6 26. Re5 Rd7 27. f4 gxf4 28. gxf4 Qd4 29. Re2 Qd3 30. Qxd3 Rxd3 31. g3 Kf8 32. Kg2 h5 33. Bc4 Rd4 34. Bb3 c5 35. Bc2 b6 36. Bf5 Rb4 37. b3 Rd4 38. Kf3 Rd5 39. Bc2 Ng4 40. Be4 Rd1 41. Bf5 Nf6 42. Bc2 Ra1 43. Bf5 Rf1+ 44. Kg2 Rd1 45. Bc2 Rd4 46. Bf5 a6 47. Kf3 Rd5 48. Bb1 Rd6 49. Bf5 Rd8 50. a4 Re8 51. Re5 Rxe5 52. fxe5 Nd5 53. Ke4 Ne7 54. Bd7 Kg7 55. Be8 f6 56. e6 Kh6 57. Kf4 Ng6+ 58. Kf5 Nf8 59. Kxf6 1-0

[Event "IMSA Blitz Women 2019"]
[Site "Hengshui"]
[Date "2019.05.17"]
[Round "2.2"]
[White "Tan, Zhongyi"]
[Black "Paehtz, Elisabeth"]
[Result "1-0"]
[ECO "A10"]
[WhiteElo "2513"]
[BlackElo "2470"]
[Annotator "ChessBase"]
[PlyCount "69"]
[EventDate "2019.05.17"]
[EventType "blitz"]
[EventCountry "CHN"]
[SourceTitle "playchess.com"]
[Source "ChessBase"]
[SourceQuality "1"]
[TimeControl "180+2"]

1. c4 g6 2. Nf3 Bg7 3. d4 d6 4. g3 e5 5. dxe5 dxe5 6. Qxd8+ Kxd8 7. Nc3 f6 8. h4 Bg4 9. Bg2 c6 10. b3 Nd7 11. Ba3 Nh6 12. O-O-O Nf7 13. h5 Kc7 14. hxg6 hxg6 15. Nh4 g5 16. Ng6 Rxh1 17. Rxh1 Nf8 18. Bxf8 Bxf8 19. Rh7 Ba3+ 20. Kc2 Bf5+ 21. Be4 Be6 22. g4 Rd8 23. Bf5 Bxf5+ 24. gxf5 Rd7 25. Ne4 Nd6 26. Rxd7+ Kxd7 27. Nxf6+ Kd8 28. e4 g4 29. Nxe5 Ke7 30. Nexg4 Bc5 31. f3 a5 32. Kd3 b5 33. Nh5 bxc4+ 34. bxc4 Bb4 35. Ne5 1-0

[Event "IMSA Blitz Women 2019"]
[Site "Hengshui"]
[Date "2019.05.17"]
[Round "2.2"]
[White "Bodnaruk, Anastasia"]
[Black "Lei, Tingjie"]
[Result "0-1"]
[ECO "C50"]
[WhiteElo "2431"]
[BlackElo "2507"]
[Annotator "RC"]
[PlyCount "146"]
[EventDate "2019.05.17"]
[EventType "blitz"]
[EventCountry "CHN"]
[SourceTitle "playchess.com"]
[Source "ChessBase"]
[SourceQuality "1"]
[TimeControl "180+2"]

1. e4 e5 2. Nf3 Nc6 3. Bc4 Bc5 4. d3 Nf6 5. Bg5 h6 6. Bh4 Be7 7. O-O d6 8. c3 O-O 9. Bb3 a6 10. Re1 Nh5 11. Bg3 Nxg3 12. hxg3 g6 13. Nbd2 Bf6 14. Nf1 Bg7 15. d4 Kh8 16. Ne3 Bd7 17. Qd2 Kh7 18. Rad1 exd4 19. Nxd4 Nxd4 20. cxd4 Rc8 21. f4 Qe8 22. e5 dxe5 23. dxe5 Ba4 24. Qc2 Bxb3 25. Qxb3 b6 26. Nd5 Kh8 27. Rc1 Qd7 28. Red1 Qg4 29. Nxc7 Rcd8 30. Qf3 Qc8 31. Nd5 Qe6 32. Rd3 Rc8 33. Rcd1 h5 34. Nc3 Qc4 35. Rd7 b5 36. Ne2 Qxa2 37. f5 Qxb2 38. f6 Bh6 39. Nf4 Qxe5 40. Rxf7 Bxf4 41. Rxf8+ Rxf8 42. gxf4 Qxf6 43. Rd7 Qxf4 44. Qc3+ Qf6 45. Qc1 Qb6+ 46. Kh1 g5 47. Qc3+ Qf6 48. Qc2 Rf7 49. Rd1 Kg7 50. Rc1 h4 51. Qd3 Qg6 52. Qd4+ Qf6 53. Qd5 Re7 54. Rd1 Qe5 55. Qd3 Qf6 56. Qd5 b4 57. Qd3 a5 58. Rf1 Qe5 59. Qc4 h3 60. gxh3 Qe4+ 61. Qxe4 Rxe4 62. Rf5 a4 63. Rxg5+ Kf6 64. Ra5 a3 65. Kg2 Re2+ 66. Kg3 a2 67. h4 b3 68. h5 Re5 69. Ra6+ Kg5 70. h6 b2 71. h7 b1=Q 72. h8=Q Qg1+ 73. Kh3 Re3# 0-1

[Event "IMSA Blitz Women 2019"]
[Site "Hengshui"]
[Date "2019.05.17"]
[Round "2.2"]
[White "Krush, Irina"]
[Black "Harika, Dronavalli"]
[Result "1-0"]
[ECO "A81"]
[WhiteElo "2422"]
[BlackElo "2492"]
[Annotator "RC"]
[PlyCount "83"]
[EventDate "2019.05.17"]
[EventType "blitz"]
[EventCountry "CHN"]
[SourceTitle "playchess.com"]
[Source "ChessBase"]
[SourceQuality "1"]
[TimeControl "180+2"]

1. d4 f5 2. g3 Nf6 3. Bg2 g6 4. c4 Bg7 5. Nc3 O-O 6. Nh3 d6 7. d5 Na6 8. O-O Nc5 9. Nf4 e5 10. dxe6 c6 11. Qc2 Nxe6 12. Nxe6 Bxe6 13. b3 d5 14. cxd5 Nxd5 15. Bb2 Nxc3 16. Bxc3 Qe7 17. Bxg7 Qxg7 18. e3 Rfd8 19. Rfd1 Qe7 20. Qc3 Rxd1+ 21. Rxd1 Rd8 22. Rxd8+ Qxd8 23. Bf3 Qd7 24. h4 Bd5 25. Qd4 a6 26. Bxd5+ cxd5 27. Qf6 Qb5 28. h5 gxh5 29. Qg5+ Kh8 30. Qxf5 Kg7 31. Qxh5 Qd3 32. Qe5+ Kg8 33. Qb8+ Kg7 34. Qxb7+ Kg6 35. Qb6+ Kf5 36. Qd4 Qb1+ 37. Kg2 Qxa2 38. Qxd5+ Kg6 39. e4 a5 40. e5 Qe2 41. e6 Kf6 42. Qf3+ 1-0

[Event "IMSA Blitz Women 2019"]
[Site "Hengshui"]
[Date "2019.05.17"]
[Round "3.1"]
[White "Muzychuk, Mariya"]
[Black "Paehtz, Elisabeth"]
[Result "1-0"]
[ECO "A40"]
[WhiteElo "2563"]
[BlackElo "2470"]
[Annotator "ChessBase"]
[PlyCount "57"]
[EventDate "2019.05.17"]
[EventType "blitz"]
[EventCountry "CHN"]
[SourceTitle "playchess.com"]
[Source "ChessBase"]
[SourceQuality "1"]
[TimeControl "180+2"]

1. d4 e6 2. c4 b6 3. a3 Bb7 4. Nc3 f5 5. Qc2 Nf6 6. Nf3 g6 7. g3 Bg7 8. Bg2 O-O 9. O-O Qe7 10. b3 Ne4 11. Bb2 Nxc3 12. Bxc3 Be4 13. Qb2 Nc6 14. Ne1 Bxg2 15. Nxg2 d5 16. cxd5 exd5 17. Nf4 Rad8 18. Rac1 Qd6 19. Rc2 a5 20. Rfc1 Nb8 21. b4 axb4 22. Bxb4 c5 23. Bc3 Rf7 24. dxc5 bxc5 25. Bxg7 Rxg7 26. Rxc5 d4 27. Rd5 Qe7 28. Rxd8+ Qxd8 29. Ne6 1-0

[Event "IMSA Blitz Women 2019"]
[Site "Hengshui"]
[Date "2019.05.17"]
[Round "3.1"]
[White "Dzagnidze, Nana"]
[Black "Ushenina, Anna"]
[Result "1-0"]
[ECO "A06"]
[WhiteElo "2510"]
[BlackElo "2442"]
[Annotator "RC"]
[PlyCount "139"]
[EventDate "2019.05.17"]
[EventType "blitz"]
[EventCountry "CHN"]
[SourceTitle "playchess.com"]
[Source "ChessBase"]
[SourceQuality "1"]
[TimeControl "180+2"]

1. Nf3 d5 2. b3 Bg4 3. Bb2 c6 4. g3 Bxf3 5. exf3 Nd7 6. f4 e6 7. Bg2 Ngf6 8. d3 Be7 9. Nd2 a5 10. a3 O-O 11. O-O Ne8 12. Nf3 Nd6 13. Ne5 a4 14. b4 Qc7 15. Qe2 Nf6 16. c4 c5 17. cxd5 exd5 18. Rac1 b6 19. Ng4 Nde8 20. Rfe1 Ra7 21. bxc5 bxc5 22. Nxf6+ Nxf6 23. Bxf6 Bxf6 24. Bxd5 Qd6 25. Bc4 Rb7 26. Rc2 Bd4 27. Qf3 Rb6 28. h4 g6 29. h5 Kg7 30. Rce2 Rb2 31. Qg4 Rxe2 32. Rxe2 Qc6 33. f5 Rb8 34. Re4 Rb2 35. fxg6 hxg6 36. hxg6 Bxf2+ 37. Kf1 Qxg6 38. Qxg6+ fxg6 39. Re7+ Kh6 40. Ra7 Bxg3 41. Rxa4 Be5 42. Ra6 Rb1+ 43. Ke2 Kh5 44. Bf7 Rg1 45. a4 Bc3 46. Rc6 Bb4 47. a5 Ra1 48. Rxg6 Rxa5 49. Rg8+ Kh4 50. Bc4 Ra7 51. Kf3 Ra1 52. Ke4 Re1+ 53. Kd5 Re7 54. Kc6 Ra7 55. Kb5 Ra5+ 56. Kb6 Ra3 57. Kb5 Ra5+ 58. Kc6 Ra7 59. Rb8 Kg5 60. d4 Ra5 61. d5 Bc3 62. d6 Bf6 63. Rg8+ Kf5 64. d7 Ra4 65. Rf8 Ke5 66. Rxf6 Ra8 67. Rd6 Rd8 68. Rd5+ Ke6 69. Kc7 Ke7 70. Re5+ 1-0

[Event "IMSA Blitz Women 2019"]
[Site "Hengshui"]
[Date "2019.05.17"]
[Round "3.1"]
[White "Harika, Dronavalli"]
[Black "Abdumalik, Zhansaya"]
[Result "1-0"]
[ECO "A34"]
[WhiteElo "2492"]
[BlackElo "2464"]
[Annotator "ChessBase"]
[PlyCount "59"]
[EventDate "2019.05.17"]
[EventType "blitz"]
[EventCountry "CHN"]
[SourceTitle "playchess.com"]
[Source "ChessBase"]
[SourceQuality "1"]
[TimeControl "180+2"]

1. Nf3 Nf6 2. c4 c5 3. Nc3 d5 4. cxd5 Nxd5 5. e4 Nb4 6. Bc4 Nd3+ 7. Ke2 Nf4+ 8. Kf1 Nd3 9. Qe2 Nxc1 10. Rxc1 e6 11. e5 Nc6 12. h4 Bd7 13. Qe3 Qb6 14. Qf4 h6 15. Kg1 Nd4 16. Nxd4 cxd4 17. Ne4 Qxb2 18. Kh2 Bc6 19. Rb1 Qa3 20. Bb5 Be7 21. Bxc6+ bxc6 22. Rb3 Qa6 23. Rg3 g6 24. Rb1 Rd8 25. Nf6+ Bxf6 26. Qxf6 Rf8 27. Rgb3 Qa5 28. Rb7 Rd7 29. Rb8+ Rd8 30. R1b7 1-0

[Event "IMSA Blitz Women 2019"]
[Site "Hengshui"]
[Date "2019.05.17"]
[Round "3.1"]
[White "Stefanova, Antoaneta"]
[Black "Lei, Tingjie"]
[Result "1-0"]
[ECO "A45"]
[WhiteElo "2470"]
[BlackElo "2507"]
[Annotator "RC"]
[PlyCount "111"]
[EventDate "2019.05.17"]
[EventType "blitz"]
[EventCountry "CHN"]
[SourceTitle "playchess.com"]
[Source "ChessBase"]
[SourceQuality "1"]
[TimeControl "180+2"]

1. d4 Nf6 2. Nc3 d5 3. Bf4 e6 4. e3 Bd6 5. Bg3 O-O 6. Nb5 Ne4 7. Nxd6 cxd6 8. Bd3 b6 9. f3 Nxg3 10. hxg3 f5 11. f4 Ba6 12. Qh5 h6 13. g4 Bxd3 14. cxd3 fxg4 15. Qxg4 Qf6 16. Rc1 Na6 17. a3 e5 18. Ne2 exd4 19. exd4 Rae8 20. O-O Re3 21. Rc3 Rfe8 22. Rf2 Kh7 23. f5 Nb8 24. Qg6+ Qxg6 25. fxg6+ Kxg6 26. Nf4+ Kg5 27. Nxd5 Re1+ 28. Kh2 Na6 29. Rc6 R8e6 30. Rc8 Rd1 31. Rg8 g6 32. Nf4 Ree1 33. Rxg6+ Kf5 34. Rg8 Rh1+ 35. Kg3 Nc7 36. Nd5+ Ke6 37. Nxc7+ Kd7 38. Rg7+ Kc6 39. d5+ Kc5 40. Rc2+ Kd4 41. Rg4+ Kxd3 42. Rc3+ Ke2 43. Re4+ Kd2 44. Rd4+ Ke2 45. Rxd1 Rxd1 46. Rc6 Rd3+ 47. Kf4 Rd2 48. b4 Rd3 49. Rxd6 Rxa3 50. Rxh6 Rd3 51. Ke5 a5 52. bxa5 bxa5 53. Ra6 Ra3 54. d6 a4 55. d7 Rd3 56. Nd5 1-0

[Event "IMSA Blitz Women 2019"]
[Site "Hengshui"]
[Date "2019.05.17"]
[Round "3.1"]
[White "Bodnaruk, Anastasia"]
[Black "Khotenashvili, Bela"]
[Result "1-0"]
[ECO "B12"]
[WhiteElo "2431"]
[BlackElo "2476"]
[Annotator "RC"]
[PlyCount "109"]
[EventDate "2019.05.17"]
[EventType "blitz"]
[EventCountry "CHN"]
[SourceTitle "playchess.com"]
[Source "ChessBase"]
[SourceQuality "1"]
[TimeControl "180+2"]

1. e4 c6 2. d4 d5 3. e5 Bf5 4. Nf3 e6 5. Be2 Nd7 6. O-O h5 7. b3 Be7 8. c4 g5 9. Nc3 a6 10. Be3 Nh6 11. Qd2 Rg8 12. h4 Bg4 13. Nxg5 Nf5 14. f3 Nxe3 15. Qxe3 Bf5 16. f4 Rh8 17. Rad1 Nf8 18. Bf3 Ng6 19. g3 Qa5 20. a4 Bb4 21. Na2 dxc4 22. bxc4 Qxa4 23. Nxb4 Qxb4 24. d5 cxd5 25. cxd5 Rc8 26. d6 Kf8 27. Rd4 Qb6 28. Rfd1 Kg7 29. Kh2 Rc2+ 30. R1d2 Rxd2+ 31. Qxd2 a5 32. Rc4 Qb5 33. Rc7 Rf8 34. d7 Rd8 35. Rxb7 Qc4 36. Qxa5 Qc2+ 37. Bg2 Nxf4 38. gxf4 Qf2 39. Qb4 Qxh4+ 40. Nh3 Bxh3 41. Bxh3 Qf2+ 42. Bg2 Qh4+ 43. Kg1 Qg3 44. Qd2 h4 45. Qf2 Qc3 46. Rb1 h3 47. Bf3 Qc4 48. Qg3+ Kf8 49. Rd1 Qc5+ 50. Kh2 Qc2+ 51. Kxh3 Qf5+ 52. Qg4 Qh7+ 53. Qh5 Qc2 54. Qh8+ Ke7 55. Qf6+ 1-0